 Dungeon Crawl Stone Soup version 0.24.0-37-gcf1ca852f1 (webtiles) character file.

Game seed: 5371912534339363196, levelgen mode: deterministic

1541 Gruesph the Basher (level 8, 0/117 HPs)
             Began as an Ogre Berserker on Nov 22, 2019.
             Was a Priest of Trog.
             Slain by an orc warrior
             ... wielding a +0 short sword
              (14 damage)
             ... on level 7 of the Dungeon.
             The game lasted 00:32:33 (8588 turns).

Gruesph the Basher (Ogre Berserker)                 Turns: 8588, Time: 00:32:33

Health: 0/117      AC:  5    Str: 27    XL:     8   Next: 86%
Magic:  8/8        EV: 10    Int:  8    God:    Trog [***...]
Gold:   252        SH:  0    Dex: 10    Spells: 7/7 levels left

rFire    . . .     SeeInvis .   a - +1 flail
rCold    . . .     Gourm    .   (no shield)
rNeg     . . .     Faith    .   e - +0 animal skin
rPois    .         Spirit   .   (helmet restricted)
rElec    .         Reflect  .   m - +1 cloak
rCorr    .         Harm     .   (gloves unavailable)
MR       .....                  (boots unavailable)
Stlth    ..........             (no amulet)
HPRegen  0.29/turn              n - ring of flight
MPRegen  0.11/turn              v - +3 ring of slaying

@: berserking, very quick
A: large, unfitting armour, tough skin 1
a: Berserk, Trog's Hand, Renounce Religion, Evoke Flight


You were on level 7 of the Dungeon.
You worshipped Trog.
Trog was most pleased with you.
You were very hungry.

You visited 2 branches of the dungeon, and saw 8 of its levels.

You collected 336 gold pieces.
You spent 84 gold pieces at shops.

Inventory:

Hand Weapons
 a - a +1 flail (weapon)
 b - a +3 hunting sling
 u - a +0 great mace
 z - a +0 giant spiked club
 C - a +0 morningstar
Missiles
 d - 3 javelins (quivered)
 k - 4 sling bullets
Armour
 e - a +0 animal skin (worn)
 m - a +1 cloak (worn)
Jewellery
 n - a ring of flight (left hand)
 v - a +3 ring of slaying (right hand)
Wands
 o - a wand of random effects (13)
 p - a wand of digging (5)
 x - a wand of flame (15)
Scrolls
 i - a scroll of identify
 j - 2 scrolls of teleportation
 A - 2 scrolls of magic mapping
Potions
 c - 6 potions of curing
 g - a potion of resistance
 h - 2 potions of heal wounds
 l - a potion of might {unknown}
 q - 2 potions of flight
 t - 2 potions of mutation
 w - a potion of haste {unknown}
 B - 2 potions of magic
Comestibles
 f - 7 rations


   Skills:
 - Level 4.1 Fighting
 + Level 10.0 Maces & Flails
 - Level 1.7 Throwing
 - Level 2.6 Dodging


You had 7 spell levels left.
You didn't know any spells.
Your spell library was empty.

Dungeon Overview and Level Annotations

Branches:
Dungeon (7/15)             Temple (1/1) D:7

Altars:
Ashenzari
Cheibriados
Dithmenos
Elyvilon
Fedhas
Gozag
Kikubaaqudgha
Makhleb
Nemelex Xobeh
Okawaru
Qazlal
Ru
Sif Muna
Trog
Vehumet
Wu Jian
Xom
Yredelemnul
Zin
The Shining One

Shops:
D:4 !   D:5 *

Annotations:
D:3 1 runed translucent door, P0WERM0DE's ghost, weakling MiFi
D:5 2 runed translucent doors, Amplified's ghost, novice MfTm


Innate Abilities, Weirdness & Mutations

You are too large for most types of armour.
You have tough skin. (AC +1)


Message History

* * * LOW HITPOINT WARNING * * *
You completely miss the orc warrior.
The orc warrior is heavily wounded.
You barely miss the orc wizard.
The orc wizard hits you with a +0 dagger.
* * * LOW HITPOINT WARNING * * *
The orc warrior hits you with a +0 short sword!
* * * LOW HITPOINT WARNING * * *
You don't know any spells.
You thump the orc wizard!
The orc wizard is heavily wounded.
The orc wizard points at you and mumbles some strange words.
The magic dart hits you.
* * * LOW HITPOINT WARNING * * *
You thump the orc wizard!
You kill the orc wizard!
Trog accepts your kill.
Trog appreciates your killing of a magic user.
The orc warrior hits you with a +0 short sword!
You die...

# ! .# ### #(#
..#... #.#)#
#o).# #@#
#.####=##
#.......######
#.####........
#.####### #.#
#.# #.# #.#


You could see an orc warrior.

Vanquished Creatures
  A hippogriff (D:7)
  Menkaure (D:4)
  A black bear (D:5)
  A sky beast (D:4)
  An ogre (D:4)
  2 phantoms
  A bullfrog (D:5)
  A howler monkey (D:5)
  2 crimson imps
  2 hounds (D:4)
  An orc priest (D:7)
  6 orc wizards
  An iguana (D:4)
  2 worker ants (D:4)
  2 hound skeletons (D:5)
  4 gnolls
  9 adders
  A shadow imp (D:4)
  6 oozes
  An adder skeleton (D:4)
  5 worms
  3 dart slugs
  9 orcs
  8 giant cockroaches
  9 goblins
  3 hobgoblins
  9 jackals
  7 quokkas
  8 bats
  4 frilled lizards
  2 jackal skeletons
  A jackal zombie (D:6)
  4 kobolds
  A quokka skeleton (D:4)
  4 rats
123 creatures vanquished.

Notes
Turn   | Place    | Note
-------+----------+-------------------------------------------
     0 | D:1      | Gruesph the Ogre Berserker began the quest for the Orb.
     0 | D:1      | Reached XP level 1. HP: 24/24 MP: 1/1
   148 | D:1      | Found a bloodstained altar of Trog.
   150 | D:1      | Found a shimmering altar of Xom.
   150 | D:1      | Found a basalt altar of Yredelemnul.
   152 | D:1      | Found a radiant altar of Vehumet.
   152 | D:1      | Found a glowing silver altar of Zin.
   152 | D:1      | Found a shimmering altar of Xom.
   278 | D:1      | Reached skill level 3 in Maces & Flails
   479 | D:1      | Reached XP level 2. HP: 27/32 MP: 2/2
  1319 | D:2      | Reached XP level 3. HP: 35/39 MP: 3/3
  1729 | D:1      | Reached skill level 4 in Maces & Flails
  2141 | D:2      | Reached XP level 4. HP: 48/48 MP: 4/4
  2179 | D:2      | Reached ** piety under Trog
  2881 | D:2      | Reached skill level 5 in Maces & Flails
  2963 | D:2      | Reached XP level 5. HP: 51/54 MP: 5/5
  3280 | D:3      | Noticed P0WERM0DE's ghost (weakling MiFi)
  3288 | D:3      | Found a runed translucent door.
  4215 | D:3      | Reached *** piety under Trog
  4215 | D:3      | Reached skill level 6 in Maces & Flails
  4215 | D:3      | Reached XP level 6. HP: 62/62 MP: 6/6
  4637 | D:4      | Found Vittoqec's Distillery.
  4835 | D:4      | Bought a potion of curing for 42 gold pieces
  4835 | D:4      | Bought a potion of curing for 42 gold pieces
  4906 | D:4      | Noticed Menkaure
  4913 | D:4      | Killed Menkaure
  4913 | D:4      | Reached skill level 1 in Throwing
  5000 | D:4      | Noticed a phantom
  5059 | D:4      | Killed a phantom
  5059 | D:4      | Reached XP level 7. HP: 55/70 MP: 7/7
  5346 | D:4      | Reached skill level 7 in Maces & Flails
  6188 | D:4      | Found a bloodstained altar of Trog.
  6380 | D:5      | Entered Level 5 of the Dungeon
  6641 | D:4      | Reached skill level 8 in Maces & Flails
  6641 | D:4      | Reached XP level 8. HP: 46/78 MP: 8/8
  6819 | D:5      | Found Sukuupp's Assorted Antiques.
  7168 | D:5      | Found a sacrificial altar of Ru.
  7168 | D:5      | Found an opulent altar of Gozag.
  7225 | D:5      | Found a shadowy altar of Dithmenos.
  7264 | D:5      | Reached skill level 9 in Maces & Flails
  7358 | D:5      | Found a large runed translucent door.
  7366 | D:5      | Found a large runed translucent door.
  7482 | D:5      | Noticed Amplified's ghost (novice MfTm)
  7720 | D:6      | Found a blossoming altar of Fedhas.
  7764 | D:6      | Found a stormy altar of Qazlal.
  8174 | D:6      | Found a shimmering blue altar of Sif Muna.
  8235 | D:6      | Found a glowing golden altar of the Shining One.
  8235 | D:6      | Found a white marble altar of Elyvilon.
  8236 | D:6      | Found a glowing silver altar of Zin.
  8291 | D:7      | Found a staircase to the Ecumenical Temple.
  8320 | D:7      | Noticed a hippogriff
  8333 | D:7      | Killed a hippogriff
  8345 | Temple   | Entered the Ecumenical Temple
  8578 | D:7      | Reached skill level 10 in Maces & Flails
  8588 | D:7      | Slain by an orc warrior

Levels and vault maps discovered:
D:1:      shiori_arrival_elements, layout_basic, doesnt_xom_only_xom
D:2:      layout_rooms, first_ration, guppyfry_early_lair_pool
D:3:      layout_rooms, hellmonk_ghost_happy_afterlife, serial_bayou_pond_d
D:4:      wad_river_or_something, layout_loops_ring, lightli_temple_of_fire,
          serial_shops, nicolae_shop_temple_entry_statues_fountains,
          minmay_pentangle, uniq_menkaure
D:5:      layout_cave_pools, nicolae_dithmenos_the_darkroom,
          gammafunk_temple_overflow_wave, serial_shops, shop,
          ebering_ghost_disaster_area
D:6:      layout_cave_pools, grunt_temple_overflow_forces_of_nature,
          good_gods_mini_temple, led_sif_pool, kennysheep_decorative_pillar,
          chequers_jeans
D:7:      layout_loops_ring, temple_pool_b, uniq_duvessa,
          uniq_crazy_yiuf_cottage
Temple:   cyrus_temple_forest

Skill      XL: |  1  2  3  4  5  6  7  8 |
---------------+-------------------------+-----
Maces & Flails | 3 4 5 6 8 10 | 10.0
Throwing       | 1 |  1.7
Fighting       | |  4.1
Dodging        | |  2.6

Action                   |  1- 3 |  4- 6 |  7- 9 || total
-------------------------+-------+-------+-------++-------
Melee: Mace              |    67 |   170 |       ||   237
       Morningstar       |       |    36 |    17 ||    53
       Flail             |       |       |    98 ||    98
 Fire: Hunting sling     |       |       |    27 ||    27
Throw: Stone             |       |    68 |     3 ||    71
       Javelin           |       |       |     4 ||     4
Invok: Berserk           |     1 |     6 |     2 ||     9
       Trog's Hand       |       |     2 |     1 ||     3
  Use: Scroll            |       |       |    16 ||    16
 Stab: Sleeping          |       |     1 |       ||     1
  Eat: Chunk             |     1 |     5 |     6 ||    12
       Ration            |     1 |     3 |     2 ||     6
Armor: Animal skin       |    13 |    66 |    33 ||   112
       Robe              |       |       |     2 ||     2
Dodge: Dodged            |    33 |   118 |    62 ||   213
